 Dungeon Crawl Stone Soup version 0.31-a0-803-g95b03c3367 (webtiles) character file.

Game seed: 9626505587725775065

99 Maratek the Trooper (level 4, -2/33 HPs)
             Began as an Octopode Fighter on Sept 20, 2023.
             Slain by Pargi (3 damage)
             ... in a sewer.
             The game lasted 00:01:44 (1390 turns).

Maratek the Trooper (Octopode Fighter)              Turns: 1390, Time: 00:01:45

Health: -2/33      AC:  1    Str: 17    XL:     4   Next: 72%
Magic:  4/4        EV: 13    Int: 10    God:
Gold:   82         SH:  4    Dex: 11    Spells: 3/3 levels left

rFire   . . .        a - +0 trident
rCold   . . .        b - +0 buckler
rNeg    . . .        (helmet restricted)
rPois   .            (no amulet)
rElec   .            (no ring)
rCorr   .            (no ring)
SInv    .            (no ring)
Will    .....        (no ring)
Stlth   +++          (no ring)
HPRegen 0.25/turn    (no ring)
MPRegen 0.09/turn    (no ring)
                     (no ring)

%: no passive effects
@: no status effects
A: almost no armour, amphibious, 8 rings, camouflage 1, gelatinous body 1,
(nimble swimmer 1), tentacles
a: no special abilities


You were in a sewer.
You visited 1 branch of the dungeon, and saw 3 of its levels.
You also visited: Sewer.

You collected 82 gold pieces.

Inventory:

Hand Weapons
 a - a +0 trident (weapon)
Armour
 b - a +0 buckler (worn)
Scrolls
 d - a scroll of identify {unknown}
 e - a scroll of amnesia {unknown}
 f - a scroll of brand weapon {unknown}
 g - a scroll of summoning {unknown}
 i - 2 scrolls of fear {unknown}
Potions
 c - a potion of might
 h - a potion of mutation {unknown}


   Skills:
 + Level 3.6 Fighting
 + Level 2.7 Polearms
 + Level 3.4 Dodging
 + Level 2.7 Stealth
 + Level 3.4 Shields


You had 3 spell levels left.
You didn't know any spells.
Your spell library was empty.

Dungeon Overview and Level Annotations

Branches:
Dungeon (3/15)              Sewer (1/1)

Altars:

Annotations:
Sewer Pargi


Innate Abilities, Weirdness & Mutations

You cannot wear most types of armour.
You are amphibious.
You can wear up to eight rings at the same time.
Your skin changes colour to match your surroundings (Stealth+).
Your rubbery body absorbs attacks. (AC +1, EV +1)
((You are camouflaged when in or above water. (Stealth+)))
You have tentacles for arms and can constrict up to eight enemies at once.


Message History

You puncture the bat!
You kill the bat!
You enter the shallow water.
You open the door.
Found a cloak.
No target in view!
No target in view!
You open the door.
Pargi the Meek comes into view.
You reach to attack!
The helpless Pargi fails to defend himself.
You hit Pargi.
Pargi is lightly wounded.
Pargi closely misses you. Pargi claws you. x2
Pargi is nearby!
You barely miss Pargi. You squeeze Pargi.
Pargi is moderately wounded.
Pargi bites you. Pargi closely misses you. Pargi claws you.
Pargi is nearby!
You hit Pargi. Your squeeze misses Pargi.
Pargi is moderately wounded.
Pargi bites you. Pargi barely misses you. Pargi claws you.
Pargi is nearby!
You miss Pargi.
Pargi is moderately wounded.
Pargi bites you! Pargi claws you.
* * * LOW HITPOINT WARNING * * *
You block Pargi's attack.
You are too injured to fight recklessly!
You barely miss Pargi. You squeeze Pargi, but do no damage.
Pargi is moderately wounded.
Pargi bites you!
* * * LOW HITPOINT WARNING * * *
Pargi claws you.
* * * LOW HITPOINT WARNING * * *
You block Pargi's attack.
You closely miss Pargi. You squeeze Pargi.
Pargi is moderately wounded.
You block Pargi's attack. Pargi claws you.
You die...

####.~≈~.####
####.~≈~.####
#∩....∩..'†.#
####.~≈~.####
####.~≈~.#
#..'.~≈~.+
####.~≈~.#
####.~≈~.####
#..'.~≈~@T..#
####.~≈~.####
####.~≈~.####
#..'.~≈~.'.[#
#############
#~≈~# #~≈~#
#~≈~# #~≈~#


You could see Pargi.

Vanquished Creatures
  Jessica (D:2)
  An adder (D:2)
  A river rat (D:3)
  A dart slug (D:1)
  5 bats
  An endoplasm (D:2)
  7 giant cockroaches
  3 goblins
  4 hobgoblins
  4 jackals (D:2)
  4 quokkas (D:1)
  5 ball pythons
  4 kobolds
  10 rats
51 creatures vanquished.

Notes
Turn   | Place    | Note
-------+----------+-------------------------------------------
     0 | D:1      | Maratek the Octopode Fighter began the quest for the Orb.
     0 | D:1      | Reached XP level 1. HP: 16/16 MP: 1/1
   131 | D:1      | Reached XP level 2. HP: 21/21 MP: 2/2
   486 | D:1      | Reached XP level 3. HP: 26/26 MP: 3/3
   678 | D:2      | Noticed Jessica
   686 | D:2      | Killed Jessica
   687 | D:2      | Reached skill level 1 in Stealth
   691 | D:2      | Found a faded altar of an unknown god.
   748 | D:2      | Reached XP level 4. HP: 31/31 MP: 4/4
  1290 | D:3      | Found a glowing drain.
  1303 | Sewer    | Entered a sewer
  1384 | Sewer    | Noticed Pargi
  1389 | Sewer    | HP: 1/33 [Pargi (1)]
  1390 | Sewer    | Slain by Pargi

Illustrated notes

Levels and vault maps discovered:
D:1:      minmay_arrival_hallway, layout_loops_ring, grunt_decor_arrowhead
D:2:      layout_loops_ring, ebering_ecumenical_altar_rust, uniq_jessica
D:3:      layout_basic, fedhas_altar_2, portal_sewer_entry_e
Sewer:    kennysheep_door_sewer

Skill      XL: |  1  2  3  4 |
---------------+-------------+-----
Stealth        | 1 2 |  2.7
Fighting       | |  3.6
Polearms       | |  2.7
Dodging        | |  3.4
Shields        | |  3.4

Action                     |  1- 3 |  4- 6 || total
---------------------------+-------+-------++-------
  Melee: Trident           |    53 |    44 ||    97
         Constrict         |    15 |     6 ||    21
         Tentacles         |     4 |     7 ||    11
         Punch             |     1 |       ||     1
   Stab: Sleeping          |    10 |    12 ||    22
 Armour: Skin              |    11 |    18 ||    29
  Dodge: Dodged            |    13 |    18 ||    31
  Block: Buckler           |     4 |     6 ||    10

Table legend: (Time is in decaauts)
 A = Elapsed time spent in this place.
 B = Non-inter-level travel time spent in this place.
 C = Inter-level travel time spent in this place.
 D = Time resting spent in this place.
 E = Time spent auto-exploring this place.
 F = Levels seen in this place.
 G = Mean time per level.
                   A        B        C        D        E       F      G
               +--------+--------+--------+--------+--------+-----+--------+
         Total |   1410 |   1374 |     36 |      0 |   1082 |   4 |  352.5 |
       Dungeon |   1321 |   1285 |     36 |      0 |   1013 |   3 |  440.3 |
         Sewer |     88 |     88 |      0 |      0 |     69 |   1 |   88.0 |
               +--------+--------+--------+--------+--------+-----+--------+

Top non-repeatable levels by time:
     D:1: 663 daAuts
     D:2: 596 daAuts
   Sewer: 88 daAuts
     D:3: 62 daAuts
